 Dungeon Crawl Stone Soup version 0.27.0-1-g7a089689b8 (webtiles) character file.

Game seed: 13438512773485605517

192 Anothat the Slasher (level 6, 0/46 HPs)
             Began as a Djinni Gladiator on Aug 9, 2021.
             Slain by a gnoll (5 damage)
             ... on level 4 of the Dungeon.
             The game lasted 00:06:12 (3502 turns).

Anothat the Slasher (Djinni Gladiator)              Turns: 3502, Time: 00:06:12

Health: 0/46       AC:  4    Str: 20    XL:     6   Next: 2%
Gold:   166        EV: 13    Int: 17    God:
                   SH:  0    Dex: 14

rFire    + + .     SeeInvis .   a - +0 long sword
rCold    x . .     Faith    .   (no shield)
rNeg     . . .     Spirit   .   b - +0 leather armour
rPois    ∞         Reflect  .   c - +0 helmet
rElec    .         Harm     .   l - scarf {repulsion}
rCorr    .         Rampage  .   (no gloves)
Will     .....                  (boots unavailable)
Stlth    +.........             p - amulet of the acrobat
HPRegen  0.15/turn              q - +6 ring of strength
MPRegen  0.00/turn              i - +6 ring of intelligence

@: mighty, flying, very slightly contaminated, repel missiles
A: sickness immunity, fire resistance 2, cold vulnerability 1, float, innate
caster, hp casting, extra vitality 1
a: no special abilities


You were on level 4 of the Dungeon.
You visited 1 branch of the dungeon, and saw 4 of its levels.

You collected 166 gold pieces.

Inventory:

Hand Weapons
 a - a +0 long sword (weapon)
Missiles
 d - 3 throwing nets (quivered)
Armour
 b - a +0 leather armour (worn)
 c - a +0 helmet (worn)
 h - a +4 ring mail
 l - a scarf of repulsion (worn)
Jewellery
 i - a +6 ring of intelligence (right hand)
 j - a +6 ring of dexterity
 p - an amulet of the acrobat (around neck)
 q - a +6 ring of strength (left hand)
Scrolls
 e - 2 scrolls of identify {unknown}
 f - 2 scrolls of noise {unknown}
 g - a scroll of torment {unknown}
 k - 2 scrolls of vulnerability {unknown}
 o - a scroll of amnesia {unknown}
Potions
 m - a potion of might
 n - 2 potions of curing {unknown}


   Skills:
 + Level 3.5 Fighting
 + Level 4.0 Long Blades
 - Level 1.6 Throwing
 - Level 3.5 Dodging
 + Level 1.8 Spellcasting


You had 5 spell levels left.
You knew the following spells:

 Your Spells              Type           Power      Damage    Failure   Level
a - Pain                  Necr           28%        1d5       11%         1
b - Static Discharge      Conj/Air       7%         N/A       17%         2
Your spell library was empty.

Dungeon Overview and Level Annotations

Branches:
Dungeon (4/15)
 Temple: D:4-7

Altars:
Gozag

Annotations:
D:2 1 runed translucent door, Crazy Yiuf


Innate Abilities, Weirdness & Mutations

You are immune to sickness and miasma.
You are immune to poison.
Your flesh is very heat resistant. (rF++)
You are vulnerable to cold. (rC-)
You float through the air rather than walking.
You learn spells naturally, not from books.
Your magical power is your life essence.
You have superior vitality. (+4 HP)


Message History

The gnoll resists with significant effort.
* * * LOW HITPOINT WARNING * * *
The gnoll hits you but does no damage.
Casting: Pain (safe; 11% risk of failure)
Confirm with . or Enter, or press ? or * to list all spells.
Aiming: Pain (safe; 11% risk of failure)
Press: ? - help, Shift-Dir - straight line, f/p - gnoll
Aim: a gnoll, wielding a +0 spear (heavily wounded, chance to affect: 62%)
The gnoll writhes in agony.
* * * LOW HITPOINT WARNING * * *
The gnoll completely misses you.
An orc comes into view. It is wielding a +0 dagger.
Press: ? - help, v - describe, . - travel
Here: a gnoll, wielding a +0 spear (heavily wounded)
The floor.
Press: ? - help, v - describe, . - travel
Here: a gnoll, wielding a +0 spear (heavily wounded)
The floor.
Casting: Pain (safe; 11% risk of failure)
Confirm with . or Enter, or press ? or * to list all spells.
Aiming: Pain (safe; 11% risk of failure)
Press: ? - help, Shift-Dir - straight line, f/p - gnoll
Aim: a gnoll, wielding a +0 spear (heavily wounded, chance to affect: 62%)
The gnoll writhes in agony.
* * * LOW HITPOINT WARNING * * *
The gnoll barely misses you.
You aren't carrying any items that you can evoke.
Casting: Pain (safe; 11% risk of failure)
Confirm with . or Enter, or press ? or * to list all spells.
Aiming: Pain (safe; 11% risk of failure)
Press: ? - help, Shift-Dir - straight line, f/p - gnoll
Aim: a gnoll, wielding a +0 spear (severely wounded, chance to affect: 62%)
The gnoll writhes in agony.
* * * LOW HITPOINT WARNING * * *
The gnoll hits you from afar with a +0 spear.
* * * LOW HITPOINT WARNING * * *
It was a potion of might.
You feel very mighty all of a sudden.
The gnoll hits you from afar with a +0 spear.
You die...

#######
#...<.#
###.###.#
.[. #.#
#.###.#
#.....#
###.###
#.# #@#
#)# #g#
#.# #o.
... ....
####


You could see a gnoll and an orc.

Vanquished Creatures
  An iguana (D:3)
  A howler monkey zombie (D:3)
  3 gnolls (D:4)
  3 adders
  A worm (D:2)
  11 dart slugs
  8 ball pythons
  7 endoplasms
  3 giant cockroaches (D:2)
  5 goblins
  4 hobgoblins
  6 jackals (D:2)
  8 kobolds
  4 quokkas (D:1)
  4 bats
  A frilled lizard (D:2)
  3 rats
73 creatures vanquished.

Vanquished Creatures (others)
  5 plants (D:1)
5 creatures vanquished.

Grand Total: 78 creatures vanquished

Notes
Turn   | Place    | Note
-------+----------+-------------------------------------------
     0 | D:1      | Anothat the Djinni Gladiator began the quest for the Orb.
     0 | D:1      | Reached XP level 1. HP: 18/18 MP: 0/0
   210 | D:1      | Reached XP level 2. HP: 23/23 MP: 0/0
   240 | D:1      | Reached skill level 3 in Long Blades
   541 | D:1      | Found a faded altar of an unknown god.
   556 | D:1      | Reached XP level 3. HP: 22/29 MP: 0/0
   556 | D:1      | Learned a level 1 spell: Pain
  1314 | D:2      | Found a runed translucent door.
  1315 | D:2      | Noticed Crazy Yiuf
  1720 | D:2      | Reached XP level 4. HP: 28/34 MP: 0/0
  1786 | D:2      | You are sucked into a shaft and drop 1 floor!
  2010 | D:2      | Reached skill level 1 in Spellcasting
  2610 | D:3      | Reached XP level 5. HP: 40/40 MP: 0/0
  2610 | D:3      | Learned a level 2 spell: Static Discharge
  3284 | D:3      | Found an opulent altar of Gozag.
  3486 | D:4      | Reached skill level 4 in Long Blades
  3486 | D:4      | Reached XP level 6. HP: 23/46 MP: 0/0
  3502 | D:4      | Slain by a gnoll

Illustrated notes

Levels and vault maps discovered:
D:1:      roderic_crop_circles_arrival_small, layout_basic,
          hellmonk_ecumenical_altar_arch_garden, chequers_serial_rivers_micro_a
D:2:      layout_loops_corners, uniq_crazy_yiuf_cottage
D:3:      kennysheep_slugbush, layout_loops_cross, mainiacjoe_overflow_chevrons
D:4:      layout_loops_ring, mainiacjoe_overflow_two_lobes,
          minmay_hollow_rounded_squares, uniq_robin, uniq_menkaure

Skill      XL: |  1  2  3  4  5 |
---------------+----------------+-----
Long Blades    | 3 4 |  4.0
Spellcasting   | 1 |  1.8
Fighting       | 3 |  3.5
Throwing       | |  1.6
Dodging        | |  3.5

Action                   |  1- 3 |  4- 6 || total
-------------------------+-------+-------++-------
Melee: Long sword        |   110 |   109 ||   219
 Cast: Pain              |       |    11 ||    11
  Use: Potion            |       |     1 ||     1
Armor: Leather armour    |    40 |    35 ||    75
Dodge: Dodged            |    94 |    87 ||   181
       Repelled          |       |     8 ||     8
       Rpst.: Long sword |    29 |    29 ||    58
